AoeStats
← Deadly_Apostate

Arabia

507130880Analyzed
1v1 RM · 15d ago on Sep 16, 2026· 43m 42s· 2 players
Game mode
Random Map
Map size
Tiny (2 player)
Population
200
Speed
Normal
Resources
Standard
Victory
Conquest
Starting age
Dark Age
Ending age
Imperial Age
RankedLock teamsTeams togetherTeam positionsShared explorationLock speedFull tech treeHidden civsTurbo modeCheats
Victory
Defeat
🇭🇰 Magyars · Hong Kong SAR China
1405
+15
🇺🇸 Portuguese · United States
1382
-15
Deadly_Apostate
7:02 Loom
9:31 Feudal Age
9:59 Double-Bit Axe
9:43 Man-at-Arms
15:38 Horse Collar
22:19 Castle Age
21:17 Gold Mining
22:05 Wheelbarrow
21:49 Forging
22:44 Scale Mail Armor
24:41 Iron Casting
23:58 Pikeman
30:58 Elite Skirmisher
32:01 Fletching
32:12 Padded Archer Armor
34:50 Redemption
35:38 Ballistics
36:20 Sanctity
36:24 Bow Saw
39:21 Imperial Age
37:01 Bodkin Arrow
37:57 Heavy Plow
41:01 Chemistry
40:35 Block Printing
吉大大
6:33 Loom
9:27 Feudal Age
9:58 Double-Bit Axe
15:02 Horse Collar
16:08 Scale Barding Armor
22:55 Castle Age
20:54 Gold Mining
22:08 Bloodlines
23:00 Light Cavalry
24:03 Husbandry
24:28 Bow Saw
25:57 Heavy Plow
28:21 Fletching
28:32 Padded Archer Armor
29:39 Bodkin Arrow
30:00 Leather Archer Armor
31:44 Wheelbarrow
30:55 Town Watch
32:18 Stone Mining
33:03 Gold Shaft Mining
33:52 Ballistics
34:26 Thumb Ring
39:11 Imperial Age
38:40 Treadmill Crane
39:42 Hand Cart
39:37 Corvinian Army
40:05 Recurve Bow
40:27 Conscription
40:16 Bracer
41:24 Chemistry
41:50 Parthian Tactics
41:30 Heavy Cavalry Archer
42:52 Ring Archer Armor
43:55 Two-Man Saw
44:22 Chain Barding Armor
Connection lost

Rejoining the realm…

Still unreachable

The connection could not be restored.

Session expired

The server has moved on; the page needs a fresh start.